 Dungeon Crawl Stone Soup version 0.31-a0-806-g0bc164a743 (webtiles) character file.

Game seed: 1965250301429036557

227521 Joey1 the Warrior (level 18, -6/178 HPs)
             Began as a Minotaur Berserker on Sept 20, 2023.
             Was the Champion of Trog.
             Killed from afar by a deep elf high priest (20 damage)
             ... with damnation
             ... on level 1 of the Elven Halls on Sept 21, 2023.
             The game lasted 01:44:48 (36805 turns).

Joey1 the Warrior (Minotaur Berserker)             Turns: 36805, Time: 01:44:49

Health: -6/178     AC: 29    Str: 32    XL:     18   Next: 24%
Magic:  17/17      EV: 12    Int:  9    God:    Trog [******]
Gold:   121        SH: 34    Dex: 15    Spells: 17/17 levels left

rFire   + . .        R - +9 broad axe (flame)
rCold   . . .        s - +8 tower shield
rNeg    . . .        W - +6 plate armour "Earthly Heaven" {rElec Str-3 Int+5 Stlth-}
rPois   +            Y - +2 hat
rElec   +            J - +2 cloak "Adissost" {+Inv Regen+ Slay-2}
rCorr   +            i - +0 pair of gloves
SInv    .            c - +1 pair of boots
Will    +++..        r - amulet of reflection Stlth
                     N - ring "Tasou" {rC+ rCorr Str+3 Dex+2}
HPRegen 2.29/turn    C - ring of the Devil's Advocate {rPois rF+ rC- Str+3 Dex+2}
MPRegen 0.15/turn

%: reflection
@: strong-willed, regenerating
A: horns 2, retaliatory headbutt
}: 2/15 runes: serpentine, barnacled
a: Renounce Religion, Evoke Invisibility, Berserk, Trog's Hand, Brothers in Arms


You were on level 1 of the Elven Halls.
You worshipped Trog.
Trog was exalted by your worship.
You visited 6 branches of the dungeon, and saw 31 of its levels.
You also visited: Gauntlet.

You collected 3175 gold pieces.
You spent 3054 gold pieces at shops.

Inventory:

Hand Weapons
 B - a +5 battleaxe of freezing
 D - a +0 trident
 F - a +1 morningstar of holy wrath
 R - a +9 broad axe of flaming (weapon)
Missiles
 b - 7 silver javelins
 E - 2 throwing nets
 G - 3 curare-tipped darts
 S - 18 javelins
Armour
 c - a +1 pair of boots (worn)
 i - a +0 pair of gloves (worn)
 s - a +8 tower shield (worn)
 J - the +2 cloak "Adissost" (worn) {+Inv Regen+ Slay-2}
   (You acquired it on level 12 of the Dungeon)

   Slay-2:    It affects your accuracy & damage with ranged weapons and melee
   (-2).
   +Inv:      It lets you turn invisible.
   Regen+:    It increases your rate of health regeneration.
 W - the +6 plate armour "Earthly Heaven" (worn) {rElec Str-3 Int+5 Stlth-}
   (You bought it in a shop on level 9 of the Dungeon)

   Str-3:     It affects your strength (-3).
   Int+5:     It affects your intelligence (+5).
   rElec:     It insulates you from electricity.
   Stlth-:    It makes you less stealthy.
 Y - a +2 hat (worn)
Jewellery
 g - the ring of Pantheism {rPois rC+ Will- MP+9 Int+5}
   (You found it on level 4 of the Lair of Beasts)

   [ring of protection from cold]

   Int+5:     It affects your intelligence (+5).
   rC+:       It protects you from cold.
   rPois:     It protects you from poison Will-: It decreases your willpower.
   MP+9:      It affects your magic capacity (+9).
 j - a ring of positive energy
 r - an amulet of reflection (around neck)
 y - a ring of flight
 C - the ring of the Devil's Advocate (right hand) {rPois rF+ rC- Str+3 Dex+2}
   (You found it in a Gauntlet)

   [ring of protection from fire]

   Str+3:     It affects your strength (+3).
   Dex+2:     It affects your dexterity (+2).
   rF+:       It protects you from fire.
   rC-:       It makes you vulnerable to cold.
   rPois:     It protects you from poison
 L - a ring of see invisible
 N - the ring "Tasou" (left hand) {rC+ rCorr Str+3 Dex+2}
   (You acquired it on level 1 of the Orcish Mines)

   [ring of resist corrosion]

   Str+3:     It affects your strength (+3).
   Dex+2:     It affects your dexterity (+2).
   rC+:       It protects you from cold.
   rCorr:     It protects you from acid and corrosion.
 T - a ring of willpower
Wands
 a - a wand of flame (61)
 h - a wand of roots (8)
 l - a wand of digging (2)
 I - a wand of polymorph (4)
 V - a wand of paralysis (13)
 X - a wand of mindburst (11)
Scrolls
 o - 4 scrolls of vulnerability
 q - 5 scrolls of poison
 t - 16 scrolls of teleportation
 u - 10 scrolls of blinking
 v - 3 scrolls of summoning
 w - 2 scrolls of silence
 K - 6 scrolls of revelation
 O - 2 scrolls of fear
 Z - 7 scrolls of fog
Potions
 d - 10 potions of might
 e - 4 potions of resistance
 f - 11 potions of haste
 k - 5 potions of cancellation
 n - 11 potions of heal wounds
 x - 4 potions of invisibility
 z - 14 potions of curing
 A - 2 potions of lignification
 H - 3 potions of enlightenment
 M - a potion of mutation
 P - a potion of ambrosia
Miscellaneous
 m - a condenser vane
 p - a lightning rod (4/4)
 Q - a phial of floods
 U - a phantom mirror


   Skills:
 - Level 20.0 Fighting
 - Level 18.0 Axes
 - Level 10.0 Armour
 - Level 10.0 Dodging
 + Level 19.2 Shields
 - Level 15.0 Evocations


You had 17 spell levels left.
You didn't know any spells.
Your spell library was empty.

Dungeon Overview and Level Annotations

Branches:
Dungeon (15/15)            Temple (0/1) D:5            Lair (5/5) D:10
 Shoals (4/4) Lair:2        Snake (4/4) Lair:3        Slime (0/5) Lair:5
    Orc (2/2) D:12            Elf (1/3) Orc:2        Vaults (0/5) D:13
 Depths (0/4) D:15        Gauntlet (visited)

Altars:
Ashenzari
Dithmenos
Elyvilon
Gozag
Hepliaklqana
Kikubaaqudgha
Makhleb
Sif Muna
Vehumet
Wu Jian
Zin
The Shining One
Jiyva

Shops:
D:1 =   D:3 ?   D:6 **   D:9 [??   Orc:1 ?   Orc:2 ??!?   Shoals:2 [
Snake:4 :

Annotations:
Lair:3 exclusion: 2 oklob plants
Lair:5 1 runed translucent door, Rupert


Innate Abilities, Weirdness & Mutations

You have a pair of horns on your head.
You reflexively headbutt those who attack you in melee.


Message History

The deep elf archer shoots an arrow.
The arrow hits you!!
* * * LOW HITPOINT WARNING * * *
You slash the deep elf pyromancer! You burn the deep elf pyromancer.
You headbutt the deep elf pyromancer!
You kill the deep elf pyromancer!
Trog accepts your kill.
Trog appreciates your killing of a magic user.
The fire elemental disappears in a puff of smoke! x3
The deep elf archer gestures wildly while chanting.
The deep elf archer blinks!
You slash the deep elf high priest! You burn the deep elf high priest.
The deep elf high priest is moderately wounded.
You barely miss the deep elf high priest.
You block the deep elf high priest's attack.
The deep elf zephyrmancer casts a spell.
The deep elf zephyrmancer blinks!
The deep elf archer shoots an arrow.
You block the arrow with an invisible shield... and reflect it back!
The arrow misses the deep elf archer.
The deep elf archer shoots an arrow.
You block the arrow with an invisible shield... and reflect it back!
The arrow closely misses the deep elf archer.
You hit the deep elf high priest but do no damage.
Your headbutt misses the deep elf high priest.
The deep elf high priest is moderately wounded.
You closely miss the deep elf high priest.
The deep elf high priest utters a dark prayer and points at you.
Your life force is offered up.
* * * LOW HITPOINT WARNING * * *
The deep elf archer is healed.
The deep elf high priest is healed.
You block the deep elf high priest's attack.
The deep elf archer shoots an arrow.
The arrow hits you!
* * * LOW HITPOINT WARNING * * *
The deep elf archer shoots an arrow.
You block the arrow with an invisible shield... and reflect it back!
The arrow barely misses the deep elf archer.
Blink to where?
Press: ? - help, Dir - move target
As you read the scroll of blinking, it crumbles to dust.
The deep elf high priest invokes the aid of its god against you.
The sphere of damnation explodes!
The damnation engulfs you!!
You die...

.# #.°#..#.................... .#
......'.e..)............... .#
...e..e)####..#######'###.. .#
#e)..#..#.........#..
.############....#..#.........#..
..#.....#..#.....+..#.........#..
..#.....#..###'###..###'#######..
..#.....'........................
..#.....#.......@................
..#.....#..####################..
..'.....#..#..................#..
..#.....#..#.................)'..
..#.....#..#..................#..
..#######.)#..................#..
...........#########'##########..
.................................
..#######........................


You could see 2 deep elf high priests.

Vanquished Creatures
  Roxanne (Shoals:4)
  Donald (Snake:3)
  7 nagarajas
  Louise (Shoals:3)
  An orc warlord (Orc:2)
  A formless jellyfish (Shoals:4)
  A deep elf demonologist (Elf:1)
  A minotaur (Gauntlet)
  A dire elephant (Lair:5)
  Snorg (Orc:1)
  A fire dragon (D:15)
  8 merfolk impalers
  Fannar (D:11)
  5 merfolk javelineers
  A deep elf high priest (Elf:1)
  Josephine (Lair:3)
  A salamander tyrant (Snake:3)
  6 hydras
  7 centaur warriors
  2 catoblepae
  3 ogre magi
  7 anacondas
  6 merfolk avatars
  A merfolk aquamancer (Shoals:4)
  18 two-headed ogres
  An alligator snapping turtle (Shoals:4)
  A tengu warrior (D:14)
  7 boulder beetles
  3 dancing weapons (Elf:1)
  A satyr (Shoals:3)
  A death yak (Lair:5)
  4 shock serpents
  8 naga sharpshooters
  8 naga warriors
  2 orc high priests
  3 deep elf knights (Elf:1)
  The ghost of superbruh the Trooper, a novice MiFi of Okawaru (D:8)
  3 skeletal warriors
  5 skysharks
  9 salamander mystics
  5 sea snakes
  A spectral anaconda (Lair:5)
  A spectral death yak (Lair:5)
  2 glowing orange brains (Gauntlet)
  2 deep trolls (Orc:2)
  A kraken simulacrum (Shoals:4)
  3 deep elf archers (Elf:1)
  A wizard (D:13)
  An obsidian statue (Lair:5)
  2 orc knights
  A phantasmal warrior (D:15)
  11 harpies
  5 naga ritualists
  10 mana vipers
  10 manticores
  13 deep elf pyromancers
  3 necromancers
  5 deep elf zephyrmancers (Elf:1)
  4 orc sorcerers (Orc:2)
  A frost giant zombie (D:15)
  A stone giant zombie (D:15)
  A shadow dragon skeleton (D:15)
  18 ugly things
  16 salamanders
  Joseph (Lair:1)
  4 merfolk sirens
  9 cyclopes
  17 elephants
  11 naga magi
  3 water nymphs
  27 black mambas
  A fire giant skeleton (D:15)
  2 guardian serpents
  A torpor snail (Gauntlet)
  3 minotaur zombies (Gauntlet)
  2 rime drakes
  14 cane toads
  An unseen horror (D:10)
  A yaktaur (shapeshifter) (Elf:1)
  2 tengu conjurers (D:15)
  9 komodo dragons
  14 trolls
  A polar bear (Lair:3)
  A queen bee (shapeshifter) (D:14)
  5 wind drakes
  15 merfolk
  3 hornets
  8 blink frogs
  13 dream sheep
  7 snapping turtles
  12 slime creatures
  An air elemental (Elf:1)
  7 wraiths
  3 spriggans (Lair:3)
  3 shadows
  5 basilisks
  A vampire (D:13)
  A dire elephant simulacrum (Lair:5)
  68 yaks
  A culicivora (shapeshifter) (D:15)
  9 wyverns
  3 water elementals
  4 vampire mosquitoes (D:12)
  A human (Lair:5)
  4 fire elementals (Elf:1)
  2 steam dragons
  2 wargs
  A death yak simulacrum (Lair:5)
  2 acid dragons
  27 nagas
  22 water moccasins
  2 spectral cane toads (Lair:5)
  A black bear (D:6)
  25 orc warriors
  The ghost of disappointme the Trooper, an amateur HOFi (D:3)
  2 elephant zombies (Lair:5)
  10 wolves
  24 ogres
  5 centaurs
  2 kobold brigands
  Blork the orc (D:5)
  A scorpion (D:6)
  9 bullfrogs
  An earth elemental (Elf:1)
  2 gnoll sergeants
  A cane toad simulacrum (Lair:5)
  15 wights
  An elephant simulacrum (Lair:5)
  4 howler monkeys
  10 electric eels
  16 orc priests
  4 jellies
  2 sleepcaps
  2 iguanas (D:6)
  18 orc wizards
  A statue (D:3)
  11 gnolls
  6 adders
  2 white imps (D:6)
  2 ufetubi (D:5)
  A worm (D:2)
  2 dart slugs
  69 orcs
  9 endoplasms
  3 giant cockroaches
  6 goblins
  9 hobgoblins
  3 jackals (D:4)
  8 quokkas
  5 ball pythons
  7 bats
  5 frilled lizards
  23 kobolds
  4 rats
  A tentacle (Shoals:4)
949 creatures vanquished.

Vanquished Creatures (collateral kills)
  2 dire elephants (Lair:5)
  A necromancer (Lair:5)
  A merfolk (Shoals:4)
4 creatures vanquished.

Vanquished Creatures (others)
  A deep elf zephyrmancer (Elf:1)
  A deep elf pyromancer (Elf:1)
  An orc priest (Orc:2)
  An orc wizard (Elf:1)
  9 tentacles (Shoals:4)
13 creatures vanquished.

Grand Total: 966 creatures vanquished

Notes
Turn   | Place    | Note
-------+----------+-------------------------------------------
     0 | D:1      | Joey1 the Minotaur Berserker began the quest for the Orb.
     0 | D:1      | Reached XP level 1. HP: 19/19 MP: 0/0
    68 | D:1      | Reached XP level 2. HP: 23/27 MP: 1/1
   109 | D:1      | Found Kinixt's Jewellery Boutique.
   228 | D:1      | Reached ** piety under Trog
   509 | D:2      | Reached XP level 3. HP: 33/33 MP: 2/2
   544 | D:2      | Reached skill level 4 in Fighting
  1550 | D:3      | Reached XP level 4. HP: 40/40 MP: 3/3
  1598 | D:3      | Found a broken altar of Ashenzari.
  1613 | D:3      | Noticed an angel
  1614 | D:3      | Found a glowing silver altar of Zin.
  1629 | D:3      | Noticed a water moccasin
  1643 | D:3      | Killed a water moccasin
  1644 | D:3      | Reached skill level 5 in Axes
  1644 | D:3      | Reached XP level 5. HP: 38/47 MP: 4/4
  1878 | D:3      | Found a runed translucent gate.
  1878 | D:3      | Found a runed translucent gate.
  1878 | D:3      | Found a runed translucent gate.
  1894 | D:3      | Found a radiant altar of Vehumet.
  1894 | D:3      | Noticed a charred statue
  1931 | D:3      | Noticed disappointme's ghost (amateur HOFi)
  2231 | D:3      | Reached *** piety under Trog
  2362 | D:3      | Found Siotomai's Magic Scroll Boutique.
  2367 | D:3      | Bought a scroll of teleportation for 30 gold pieces
  2367 | D:3      | Bought a scroll of blinking for 75 gold pieces
  2367 | D:3      | Bought a scroll of identify for 20 gold pieces
  2610 | D:4      | Reached skill level 5 in Fighting
  2694 | D:4      | Reached XP level 6. HP: 25/56 MP: 5/5
  3219 | D:5      | Entered Level 5 of the Dungeon
  3346 | D:5      | Found an opulent altar of Gozag.
  3466 | D:5      | Found a staircase to the Ecumenical Temple.
  3675 | D:5      | You fall into a shaft and drop 3 floors!
  3710 | D:8      | Reached XP level 7. HP: 43/60 MP: 6/6
  3714 | D:8      | Reached skill level 5 in Dodging
  3802 | D:8      | Found a large runed translucent door.
  3803 | D:8      | Found a large runed translucent door.
  3969 | D:8      | Found a runed translucent gate.
  3969 | D:8      | Noticed superbruh's ghost (novice MiFi)
  3970 | D:8      | Found a runed translucent gate.
  3971 | D:8      | Found a runed translucent gate.
  4030 | D:8      | Noticed a hornet
  4039 | D:8      | Killed a hornet
  4386 | D:5      | Noticed Blork the orc
  4525 | D:5      | Killed Blork the orc
  4529 | D:5      | Found a shimmering blue altar of Sif Muna.
  4581 | D:5      | Reached **** piety under Trog
  4582 | D:5      | Reached XP level 8. HP: 68/68 MP: 7/7
  4626 | D:5      | Found a shadowy altar of Dithmenos.
  4629 | D:5      | Reached skill level 10 in Axes
  5357 | D:6      | Found an ancient bone altar of Kikubaaqudgha.
  5368 | D:6      | Identified the +4 scale mail of Kebol {rElec Will- Dex+2}
  5389 | D:6      | Found Mifog's Specific Store.
  5390 | D:6      | Found Aniq's General Store.
  5712 | D:6      | Found a burning altar of Makhleb.
  6003 | D:7      | Reached XP level 9. HP: 67/74 MP: 8/8
  6190 | D:7      | Reached ***** piety under Trog
  8252 | D:8      | Found an ornate altar of the Wu Jian Council.
  8285 | D:8      | Found a white marble altar of Elyvilon.
  8388 | D:9      | Found Ludooxor's Magic Scroll Boutique.
  8542 | D:3      | Bought 2 scrolls of revelation for 150 gold pieces
  8542 | D:3      | Bought a scroll of identify for 20 gold pieces
  8542 | D:3      | Bought a scroll of identify for 20 gold pieces
  8544 | D:3      | Bought a scroll of enchant armour for 75 gold pieces
  8609 | D:3      | Killed disappointme's ghost
  8871 | D:9      | Found Kuhe's General Store.
  8875 | D:9      | Paralysed by a hornet for 3 turns
  8884 | D:9      | Reached skill level 15 in Axes
  9045 | D:9      | Paralysed by a hornet for 1 turns
  9348 | D:9      | Reached XP level 10. HP: 50/81 MP: 9/9
  9493 | D:9      | Reached skill level 6 in Fighting
  9647 | D:9      | Found Tecsehej's Antique Armour Shoppe.
  9818 | D:9      | Reached skill level 7 in Fighting
  9830 | D:9      | Reached skill level 8 in Fighting
 10094 | D:9      | Found a hazy altar of Hepliaklqana.
 10189 | D:9      | Found Sutipte's Magic Scroll Shoppe.
 10372 | D:10     | Entered Level 10 of the Dungeon
 10455 | D:10     | Reached skill level 9 in Fighting
 10701 | D:10     | Found a staircase to the Lair.
 10767 | D:10     | Found a glowing golden altar of the Shining One.
 11007 | D:10     | Reached skill level 10 in Fighting
 11102 | D:10     | Noticed a two-headed ogre
 11111 | D:10     | Killed a two-headed ogre
 11563 | D:3      | Bought a scroll of enchant weapon for 75 gold pieces
 11734 | Lair:1   | Entered Level 1 of the Lair of Beasts
 11850 | D:8      | Killed superbruh's ghost
 11851 | D:8      | Reached XP level 11. HP: 99/99 MP: 8/10
 12063 | Lair:1   | Noticed an eight-headed hydra
 12401 | Lair:1   | Reached skill level 1 in Evocations
 12424 | Lair:1   | Noticed Joseph
 12451 | Lair:1   | Killed Joseph
 12725 | Lair:1   | Killed an eight-headed hydra
 12729 | Lair:1   | Reached skill level 5 in Evocations
 13898 | Lair:2   | Found a staircase to the Shoals.
 14274 | Lair:2   | Reached XP level 12. HP: 106/106 MP: 11/11
 14624 | Lair:3   | Reached skill level 1 in Shields
 14784 | Lair:3   | Noticed Josephine
 14920 | Lair:3   | Found a staircase to the Snake Pit.
 15089 | Lair:3   | Reached skill level 10 in Evocations
 15093 | Lair:3   | Reached skill level 5 in Shields
 15771 | Lair:4   | Reached skill level 11 in Fighting
 15830 | Lair:4   | Received a gift from Trog
 16152 | Lair:4   | Reached skill level 12 in Fighting
 16243 | Lair:4   | Reached XP level 13. HP: 119/119 MP: 12/12
 16344 | Lair:4   | Reached skill level 13 in Fighting
 16419 | Lair:4   | Identified the ring of Pantheism {rPois rC+ Will- MP+9
                  | Int+5}
 17257 | Lair:5   | Entered Level 5 of the Lair of Beasts
 17272 | Lair:5   | Reached skill level 14 in Fighting
 17485 | Lair:5   | Found a viscous altar of Jiyva.
 17485 | Lair:5   | Found a staircase to the Slime Pits.
 17579 | Lair:5   | Reached skill level 15 in Fighting
 17862 | Lair:5   | HP: 9/189 [komodo dragon (18)]
 18296 | Lair:5   | Received a gift from Trog
 18448 | Lair:5   | Found a runed translucent door.
 18461 | Lair:5   | Noticed Rupert
 18601 | Lair:5   | Noticed a dire elephant
 18601 | Lair:5   | Noticed a dire elephant
 18601 | Lair:5   | Noticed a dire elephant
 18738 | Lair:5   | Identified the ring "Estrizusa" {Wiz rN+ Will- Int+3}
 18762 | Lair:5   | Reached skill level 5 in Armour
 19123 | Lair:5   | Found the +4 Cigotuvi's embrace {Corpsefed rMiasma Drain
                  | rN+}
 19234 | Lair:5   | Reached skill level 16 in Fighting
 19253 | Lair:5   | Killed a dire elephant
 19257 | Lair:5   | Killed a dire elephant
 19262 | Lair:5   | Killed a dire elephant
 19265 | Lair:5   | Reached XP level 14. HP: 85/138 MP: 13/13
 19574 | Lair:3   | Killed Josephine
 19657 | D:11     | Noticed Fannar
 19669 | D:11     | Killed Fannar
 19670 | D:11     | Reached skill level 17 in Fighting
 20900 | D:12     | Found a shadowy altar of Dithmenos.
 21498 | D:12     | Received a gift from Trog
 21503 | D:12     | Identified a scroll of acquirement
 21507 | D:12     | Acquired the +2 cloak "Adissost" {+Inv Regen+ Slay-2}
 21557 | D:12     | Found a staircase to the Orcish Mines.
 21741 | Orc:1    | Entered Level 1 of the Orcish Mines
 21741 | Orc:1    | Found Beofif's Magic Scroll Boutique.
 21916 | Orc:2    | Entered Level 2 of the Orcish Mines
 22025 | Orc:2    | Found Poufalo's Magic Scroll Boutique.
 22052 | Orc:2    | Reached skill level 18 in Fighting
 22089 | Orc:2    | Reached skill level 19 in Fighting
 22114 | Orc:2    | Found Ygappon's Magic Scroll Emporium.
 22119 | Orc:2    | Found Icekethrirekh's Magic Scroll Shop.
 22120 | Orc:2    | Found Uqotumoj's Distillery.
 22137 | Orc:2    | Found a staircase to the Elven Halls.
 22338 | Orc:2    | Received a gift from Trog
 22359 | Orc:2    | Noticed an orc warlord
 22374 | Orc:2    | Killed an orc warlord
 22499 | Orc:2    | Reached ****** piety under Trog
 22827 | Orc:1    | Noticed Snorg
 22840 | Orc:1    | Reached XP level 15. HP: 146/155 MP: 14/14
 22842 | Orc:1    | Killed Snorg
 22843 | Orc:1    | Reached skill level 20 in Fighting
 23209 | D:9      | Bought a faintly humming plate armour for 700 gold pieces
 23209 | D:9      | Identified the +6 plate armour "Earthly Heaven" {rElec
                  | Str-3 Int+5 Stlth-} (You bought it in a shop on level 9 of
                  | the Dungeon)
 24244 | D:13     | Found a gate to the Vaults.
 25282 | D:15     | Entered Level 15 of the Dungeon
 25321 | D:15     | Found a staircase to the Depths.
 25506 | D:15     | Received a gift from Trog
 25534 | D:15     | Found a gate leading to a gauntlet.
 25543 | Gauntlet | Entered a Gauntlet
 25543 | Gauntlet | Found a transporter.
 25543 | Gauntlet | Found a transporter.
 25544 | Gauntlet | Found a transporter.
 25544 | Gauntlet | Found a transporter.
 25547 | Gauntlet | Found a transporter.
 25547 | Gauntlet | Found a transporter.
 25561 | Gauntlet | Found a transporter.
 25571 | Gauntlet | Found a transporter.
 25600 | Gauntlet | Found a transporter.
 25672 | Gauntlet | Found a transporter.
 25676 | Gauntlet | Found a transporter.
 25686 | Gauntlet | Found a transporter.
 25834 | Gauntlet | Identified the ring of the Devil's Advocate {rPois rF+ rC-
                  | Str+3 Dex+2}
 25872 | Gauntlet | Identified the staff "Dastrod" {Fragile rElec rN+++ Int-5
                  | Dex+4 Air}
 26143 | D:15     | Reached XP level 16. HP: 139/162 MP: 15/15
 26645 | Snake:1  | Entered Level 1 of the Snake Pit
 27394 | Snake:1  | Reached skill level 10 in Shields
 27766 | Orc:1    | Bought a scroll of acquirement for 676 gold pieces
 27766 | Orc:1    | Acquired the ring "Tasou" {rC+ rCorr Str+3 Dex+2}
 28462 | Snake:2  | Received a gift from Trog
 29249 | Snake:3  | Noticed Donald
 29268 | Snake:3  | Killed Donald
 30073 | Snake:4  | Entered Level 4 of the Snake Pit
 30307 | Snake:4  | Found Atul's Tiny Tomes.
 30571 | Snake:4  | Reached skill level 15 in Shields
 30580 | Snake:4  | Received a gift from Trog
 30604 | Snake:4  | Reached skill level 15 in Evocations
 30610 | Snake:4  | Reached XP level 17. HP: 79/170 MP: 10/16
 31275 | Snake:4  | Got a serpentine rune of Zot
 31469 | Shoals:1 | Entered Level 1 of the Shoals
 32284 | Shoals:2 | Received a gift from Trog
 32857 | Shoals:2 | Found Jifataa's Antique Armour Shop.
 33063 | Shoals:3 | Reached skill level 10 in Armour
 33179 | Shoals:3 | Reached skill level 10 in Dodging
 33534 | Shoals:3 | Noticed Louise
 33542 | Shoals:3 | Killed Louise
 33988 | Shoals:4 | Entered Level 4 of the Shoals
 34047 | Shoals:4 | Identified the +1 robe of Dod Wyur {rF+}
 34168 | Shoals:4 | Noticed Roxanne
 34423 | Shoals:4 | Paralysed by a formless jellyfish for 1 turns
 34773 | Shoals:4 | Received a gift from Trog
 34780 | Shoals:4 | Got a barnacled rune of Zot
 35505 | Shoals:4 | Killed Roxanne
 35506 | Shoals:4 | Reached XP level 18. HP: 80/178 MP: 17/17
 35724 | D:9      | Bought a scroll of enchant weapon for 75 gold pieces
 35724 | D:9      | Bought a scroll of enchant armour for 75 gold pieces
 35724 | D:9      | Bought a scroll of enchant weapon for 75 gold pieces
 35738 | D:9      | Bought a scroll of enchant weapon for 97 gold pieces
 35738 | D:9      | Bought a scroll of teleportation for 39 gold pieces
 35738 | D:9      | Bought a scroll of fog for 52 gold pieces
 35738 | D:9      | Bought a scroll of fog for 52 gold pieces
 35738 | D:9      | Bought a scroll of revelation for 97 gold pieces
 35738 | D:9      | Bought a scroll of blinking for 97 gold pieces
 35877 | Orc:2    | Bought a scroll of enchant weapon for 75 gold pieces
 35884 | Orc:2    | Bought a scroll of enchant armour for 112 gold pieces
 35885 | Orc:2    | Bought a scroll of blinking for 112 gold pieces
 35891 | Orc:2    | Bought a scroll of blinking for 75 gold pieces
 35891 | Orc:2    | Bought a scroll of blinking for 75 gold pieces
 35891 | Orc:2    | Bought a scroll of teleportation for 30 gold pieces
 35891 | Orc:2    | Bought a scroll of revelation for 75 gold pieces
 35909 | Elf:1    | Entered Level 1 of the Elven Halls
 36805 | Elf:1    | Killed from afar by a deep elf high priest

Illustrated notes

Levels and vault maps discovered:
D:1:      psy_arrival_dodecagon, layout_rooms, serial_shops, shop
D:2:      minmay_diamond_boxcup, layout_basic
D:3:      layout_basic, vehumet_statue,
          mainiacjoe_overflow_concentric_impassable, zin_angel,
          ebering_ghost_rock_garden, serial_shops, shop,
          chequers_serial_rivers_micro_c
D:4:      layout_loops_ring
D:5:      layout_loops_cross, grunt_gozag_breadcrumbs, tgw_sif,
          mainiacjoe_overflow_alcove_4, minmay_temple_entry_tees
D:6:      layout_cave_pods, lemuel_coloured_pillars_altar, lemuel_doored_altar,
          chequers_hall_statues_y, nicolae_specific_store,
          minmay_tree_intersection
D:7:      layout_layer_cave, nicolae_figureground_sparkle
D:8:      nicolae_moon_pools, layout_basic, jmf_multi_god_temple2,
          biasface_ghost_orc_armoury
D:9:      layout_rooms, worldfamousw_hep_ancestral_shrine, serial_shops,
          nicolae_inconvenience_store, nicolae_shop_pleasant_corner_grove, shop,
          nicolae_shop_rolling_square, chequers_serial_rivers_room_b
D:10:     layout_gridville, mainiacjoe_overflow_paths, lair_entry_dummy,
          minmay_joined_circles
D:11:     layout_gridville, uniq_fannar
D:12:     layout_basic, david_orc_1_choice, grunt_dithmenos_smoke
D:13:     layout_rooms, david_vaults_1
D:14:     minmay_evil_eye, layout_basic, minmay_staircase_windowed_large
D:15:     gammafunk_depths_entry_grave, layout_loops_ring, nicolae_wwwww,
          gauntlet_entry_generic
Lair:1:   layout_chaotic_city, uniq_joseph
Lair:2:   layout_concentric_octagons, minmay_shoals_entry_hut
Lair:3:   minmay_lair_oklob_chamber, layout_regular_city,
          guppyfry_snake_entry_island, wad_woods_02, uniq_josephine
Lair:4:   layout_regular_city, wad_woods_river_01
Lair:5:   due_jungle_book, layout_gridlike, slime_entry_1,
          pdpol_lair_cabin_in_the_woods
Shoals:1: layout_shoals, nicolae_shoals_loop_pool
Shoals:2: layout_shoals, serial_shops, nicolae_shop_peninsula
Shoals:3: layout_shoals, uniq_louise
Shoals:4: shoals_end_grunt_ice, layout_shoals, uniq_roxanne
Snake:1:  layout_gridlike
Snake:2:  layout_cave_town, st_stairs_8, grunt_megastairs_4
Snake:3:  layout_cave_town, uniq_donald
Snake:4:  johnstein_snake_rune_scales, layout_grid_shapes,
          nicolae_snake_round_shape_thing, nicolae_shop_i_like_small_books_too
Orc:1:    layout_caves, serial_shops, shop, uniq_snorg
Orc:2:    st_orc_open, layout_caves
Elf:1:    nicolae_elf_arrival_fired_up, layout_onion_city,
          kennysheep_underground_church, orc_legates

Skill      XL: |  1  2  3  4  5  6  7  8  9 10 11 12 13 14 15 16 17 18 |
---------------+-------------------------------------------------------+-----
Axes           | 4 5 6 7 9 12 16 17 18 | 18.0
Fighting       | 4 5 10 12 16 19 20 | 20.0
Armour         | 3 6 7 10 | 10.0
Dodging        | 3 4 5 6 7 10 | 10.0
Evocations     | 8 10 14 15 | 15.0
Shields        | 6 7 8 15 18 19 | 19.2

Action                     |  1- 3 |  4- 6 |  7- 9 | 10-12 | 13-15 | 16-18 || total
---------------------------+-------+-------+-------+-------+-------+-------++-------
  Melee: Hand axe          |    92 |    45 |       |       |       |       ||   137
         Headbutt          |     5 |    11 |    45 |    60 |   305 |   272 ||   698
         Punch             |     2 |       |     4 |       |     1 |       ||     7
         War axe           |       |    62 |   267 |    53 |       |       ||   382
         Trident           |       |       |     9 |       |       |       ||     9
         Battleaxe         |       |       |       |   346 |    64 |       ||   410
         Morningstar       |       |       |       |     6 |    31 |       ||    37
         Broad axe         |       |       |       |       |  1019 |  1125 ||  2144
 Invoke: Berserk           |       |     3 |       |     3 |     3 |     1 ||    10
         Trog's Hand       |       |       |       |     1 |     1 |     2 ||     4
         Brothers in Arms  |       |       |       |       |     2 |     1 ||     3
  Evoke: Condenser vane    |       |       |       |       |       |     1 ||     1
    Use: Scroll            |       |     4 |     5 |    12 |    13 |    16 ||    50
         Potion            |       |       |       |     1 |       |       ||     1
   Stab: Sleeping          |     2 |       |       |       |       |       ||     2
 Armour: Animal skin       |    53 |       |       |       |       |       ||    53
         Chain mail        |       |    78 |     5 |       |       |       ||    83
         Plate armour      |       |       |   233 |   291 |   530 |   613 ||  1667
         Leather armour    |       |       |       |       |   201 |       ||   201
  Dodge: Dodged            |    58 |    74 |   127 |   120 |   307 |   203 ||   889
  Block: Other             |       |       |       |    34 |    11 |       ||    45
         Buckler           |       |       |       |       |   414 |    13 ||   427
         Reflection        |       |       |       |       |    21 |   105 ||   126
         Kite shield       |       |       |       |       |       |   567 ||   567
         Tower shield      |       |       |       |       |       |   293 ||   293

Table legend: (Time is in decaauts)
 A = Elapsed time spent in this place.
 B = Non-inter-level travel time spent in this place.
 C = Inter-level travel time spent in this place.
 D = Time resting spent in this place.
 E = Time spent auto-exploring this place.
 F = Levels seen in this place.
 G = Mean time per level.
                   A        B        C        D        E       F      G
               +--------+--------+--------+--------+--------+-----+--------+
         Total |  36398 |  33070 |   3328 |   4012 |  21820 |  32 | 1137.4 |
       Dungeon |  17425 |  15345 |   2080 |   1695 |  10929 |  15 | 1161.7 |
          Lair |   7917 |   7260 |    657 |   1515 |   4231 |   5 | 1583.4 |
        Shoals |   4154 |   3989 |    165 |    466 |   2624 |   4 | 1038.5 |
     Snake Pit |   4289 |   4041 |    248 |    302 |   2372 |   4 | 1072.2 |
  Orcish Mines |   1374 |   1198 |    176 |     33 |    815 |   2 |  687.0 |
   Elven Halls |    876 |    876 |      0 |      0 |    708 |   1 |  876.0 |
      Gauntlet |    359 |    359 |      0 |      0 |    140 |   1 |  359.0 |
               +--------+--------+--------+--------+--------+-----+--------+

Top non-repeatable levels by time:
     D:8: 2328 daAuts
  Lair:5: 1930 daAuts
  Lair:4: 1891 daAuts
    D:12: 1879 daAuts
Shoals:4: 1574 daAuts
     D:9: 1522 daAuts
  Lair:3: 1499 daAuts
     D:7: 1498 daAuts
  Lair:1: 1357 daAuts
     D:6: 1316 daAuts
    D:10: 1288 daAuts
  Lair:2: 1238 daAuts
     D:3: 1229 daAuts
 Snake:2: 1193 daAuts
 Snake:3: 1136 daAuts
